 Dungeon Crawl Stone Soup version 0.28.0-53-g5a82cb258f (webtiles) character file.

Game seed: 4224663793469781527

18175 ILmort the Fighter (level 12, -18/103 HPs)
             Began as a Djinni Fire Elementalist on Aug 17, 2022.
             Was a Priest of Ashenzari.
             Demolished by a death yak (23 damage)
             ... on level 3 of the Lair of Beasts on Aug 18, 2022.
             The game lasted 01:49:00 (17112 turns).

ILmort the Fighter (Djinni Fire Elementalist)      Turns: 17112, Time: 01:49:00

Health: -18/103    AC: 12    Str:  9    XL:     12   Next: 91%
Gold:   816        EV: 17    Int: 21    God:    Ashenzari [***...] SH:  3 Dex: 15

rFire   + + .      SeeInvis +   f - +3 whip "Black Moon of the Sky" {Evo, Self} (curse)
rCold   x . .      Faith    .   D - +0 buckler
rNeg    . . .      Spirit   .   p - +0 steam dragon scales of Ashenzari's Absolutism {Evo, Self} (curse)
rPois   ∞          Reflect  .   A - +0 helmet
rElec   .          Harm     .   z - +2 cloak of the Sidereal Seer {Evo, Fort} (curse)
rCorr   .          Rampage  .   o - +0 pair of gloves of the Unveiling Portent {Self, Melee} (curse)
Will    +....      Clarity  +   (boots unavailable)
Stlth   ++........              n - amulet of regeneration
HPRegen 1.07/turn               t - ring of Ashenzari's Orthodoxy {SInv, Melee, Fort} (curse)
MPRegen 0.00/turn               (no ring)

@: flying, hasted, studying Maces & Flails, very quick
A: sickness immunity, fire resistance 2, cold vulnerability 1, float, innate
caster, HP casting, extra vitality 1, iridescent scales 1, strong 1
a: Renounce Religion, Curse Item, Shatter the Chains


You were on level 3 of the Lair of Beasts.
You worshipped Ashenzari.
Ashenzari was most pleased with you.
You visited 2 branches of the dungeon, and saw 13 of its levels.
You also visited: Sewer.

You collected 816 gold pieces.

Inventory:

Hand Weapons
 f - the cursed +3 whip "Black Moon of the Sky" (weapon) {Evo, Self}
   (You found it on level 2 of the Dungeon)

   It has a curse which improves the following skills: Evocations: Evocations.
   Introspection: Fighting and Spellcasting.
 y - the +10 scythe of the Asp {vorpal, rElec rPois}
   (You found it on level 7 of the Dungeon)

   It inflicts extra damage upon your enemies.
   rElec:     It insulates you from electricity.
   rPois:     It protects you from poison.
 E - a +2 war axe of draining
Armour
 c - an orb of guile
 e - the +1 robe "Vulebiod" {-Tele rPois rN++ Archmagi}
   (You found it on level 1 of the Lair of Beasts)

   rPois:     It protects you from poison.
   rN:        It greatly protects you from negative energy.
   -Tele:     It prevents most forms of teleportation.
   Archmagi:  It increases the power of your magical spells.
 o - the cursed +0 pair of gloves of the Unveiling Portent (worn) {Self, Melee}
   (You found it on level 3 of the Dungeon)

   It has a curse which improves the following skills: Introspection: Fighting
   and Spellcasting.
   Melee Combat: Short Blades, Long Blades, Axes, Maces & Flails, Polearms,
   Staves and Unarmed Combat.
 p - the cursed +0 steam dragon scales of Ashenzari's Absolutism (worn) {Evo, Self}
   (You found it on level 4 of the Dungeon)

   It has a curse which improves the following skills: Evocations: Evocations.
   Introspection: Fighting and Spellcasting.
 z - the cursed +2 cloak of the Sidereal Seer (worn) {Evo, Fort}
   (You found it on level 1 of the Lair of Beasts)

   It has a curse which improves the following skills: Evocations: Evocations.
   Fortitude: Armour and Shields.
 A - a +0 helmet (worn)
 B - the +3 pair of seven-league boots {Rampage+∞}
   (You found it on level 1 of the Lair of Beasts)

   Its wearer moves as far as possible in that direction when moving towards
   enemies.
 D - a +0 buckler (worn)
Jewellery
 n - an amulet of regeneration (around neck)
 t - the cursed ring of Ashenzari's Orthodoxy (left hand) {SInv, Melee, Fort}
   (You found it on level 6 of the Dungeon)

   [ring of see invisible]

   SInv:      It lets you see invisible.
   It has a curse which improves the following skills: Melee Combat: Short
   Blades, Long Blades, Axes, Maces & Flails, Polearms, Staves and Unarmed
   Combat.
   Fortitude: Armour and Shields.
Wands
 q - a wand of acid (8)
 u - a wand of flame (6)
 v - a wand of polymorph (12)
 w - a wand of iceblast (5)
 C - a wand of paralysis (1)
Scrolls
 h - a scroll of enchant weapon
 k - 4 scrolls of fog
 m - a scroll of summoning
 x - a scroll of silence
 G - a scroll of identify
 H - a scroll of magic mapping
Potions
 a - a potion of might
 b - 2 potions of haste
 g - 2 potions of magic
 i - a potion of brilliance
 j - 2 potions of invisibility
 l - 2 potions of berserk rage
 s - 2 potions of curing
 F - a potion of mutation


   Skills:
 + Level 12.7(15.8) Fighting
 + Level 10.6 Dodging
 - Level 1.5 Stealth
 * Level 10.3(13.5) Spellcasting


You had 13 spell levels left.
You knew the following spells:

 Your Spells              Type           Power      Damage    Failure   Level
a - Foxfire               Conj/Fire      100%       2x1d9     1%          1
b - Scorch                Fire           100%       2d10      1%          2
c - Conjure Flame         Conj/Fire      63%        6-21      1%          3
d - Inner Flame           Hex/Fire       63%        N/A       1%          3
e - Flame Wave            Conj/Fire      63%        2d12      1%          4
f - Beastly Appendage     Tmut           100%       N/A       1%          1
g - Searing Ray           Conj           100%       2d8       1%          2
h - Poisonous Vapours     Pois/Air       100%       N/A       1%          2
i - Gell's Gravitas       Tloc           63%        N/A       1%          3
j - Sticky Flame          Conj/Fire      63%        2d8       1%          4
Your spell library was empty.

Dungeon Overview and Level Annotations

Branches:
Dungeon (10/15)            Temple (0/1) D:7            Lair (3/6) D:9
 Shoals (0/4) Lair:2        Snake (0/4) Lair:2          Orc (0/2) D:10
  Sewer (visited)

Altars:
Ashenzari
Cheibriados
Hepliaklqana
Kikubaaqudgha
Ru
Sif Muna
Wu Jian
The Shining One

Annotations:
D:3 exclusion: downstairs
D:6 exclusion: downstairs


Innate Abilities, Weirdness & Mutations

You are immune to sickness and miasma.
You are immune to poison.
Your flesh is very heat resistant. (rF++)
You are vulnerable to cold. (rC-)
You float through the air rather than walking.
You learn spells naturally, not from books.
Your magical power is your life essence.
You have superior vitality. (+4 MHP)
You are partially covered in iridescent scales. (AC +2)
Your muscles are strong. (Str +2)


Message History

Casting: Flame Wave (safe; 1% risk of failure) Restarting spell: Flame Wave (safe; 1% risk of failure)
A wave of flame ripples out!
The flame wave engulfs the death yak.
The flame wave engulfs the death yak!
The flame wave engulfs the fungus! (Press . to intensify the flame waves.)
The death yak gores you! The death yak misses you.
As you read the scroll of teleportation, it crumbles to dust.
You feel strangely unstable.
A nearby fungus withers and dies.
The death yak gores you but does no damage.
You block the death yak's attack.
The death yak is no longer more vulnerable to fire.
Your surroundings suddenly seem different.
Casting: Flame Wave (safe; 1% risk of failure) Flames lash the death yak.
The death yak's fire resistance burns away.
You hear a bellow! x3
Casting: Scorch (safe; 1% risk of failure) Flames lash the death yak.
The death yak is burned terribly!
You kill the death yak!
The death yak bellows!
Casting: Scorch (safe; 1% risk of failure)
The fire begins to smoulder!
The fire ignites!
Casting: Conjure Flame (safe; 1% risk of failure)
The fire begins to smoulder!
The death yak smothers the flame.
Casting: Conjure Flame (safe; 1% risk of failure) Flames lash the death yak.
The death yak's fire resistance burns away.
The death yak gores you!!
Casting: Scorch (safe; 1% risk of failure) Flames lash the death yak but do no damage.
The death yak gores you!!
* * * LOW HITPOINT WARNING * * *
As you read the scroll of summoning, it crumbles to dust.
Wisps of shadow whirl around you... The death yak gores you!!
* * * LOW HITPOINT WARNING * * *
You feel yourself speed up. The yak barely misses you.
The death yak gores you!!
You die...

...§†##.$#####..........# #..#.#
#.Y#Y........#..#.P.....# #.....
P.Y.##..........##......# ##.....
...####......Y...#.##.#.P##....÷.
...# #..##.........##.######.....
...# #..##...###......# #.....
#######......##.YY....# ##.#.. #*
#......†...Y.##...#### ###.÷
#....##....Y@l.#.....## ##÷ , *
#...####.#§#F.........#####.. ,
*#...# #####.#PP.#...........
#....##.##### #######....#.....#
#....*#.....# #..#.#.....#
#....*##...## ###......###
#...,*#....# ##.....?.# ##. ,
##...# #.....#..# #... * #...#
#....###..


You could see a death yak (combustible, ally target), 3 yaks, a friendly
basilisk (summoned) and a friendly bullfrog (summoned).

Vanquished Creatures
  A boulder beetle (Lair:1)
  A hydra (Lair:3)
  A two-headed ogre (D:8)
  4 death yaks (Lair:3)
  Pikel (D:8)
  A guardian serpent (Lair:1)
  2 cane toads
  A merfolk siren (Lair:2)
  A torpor snail (Lair:3)
  A rime drake (Lair:2)
  2 komodo dragons
  A troll (D:10)
  A hornet (D:10)
  4 blink frogs (Lair:3)
  4 wyverns
  16 yaks
  A steam dragon (D:4)
  4 nagas (Lair:2)
  10 water moccasins
  2 sky beasts
  4 orc warriors
  3 ice beasts
  3 black bears
  4 wolves (Lair:3)
  A necrophage (D:4)
  6 ogres
  A lemure (D:8)
  5 centaurs (D:7)
  A phantom (D:4)
  5 kobold brigands
  10 bullfrogs
  2 gnoll sergeants
  A scorpion (D:5)
  A water moccasin skeleton (D:5)
  11 killer bees
  A vampire bat (D:9)
  2 electric eels (Lair:1)
  5 howler monkeys
  4 centaur zombies
  2 hounds
  2 jellies (D:6)
  4 orc priests
  A gnoll shaman (D:7)
  A centaur skeleton (D:7)
  Terence (D:3)
  3 iguanas
  10 orc wizards
  A hound skeleton (D:5)
  6 adders
  15 gnolls
  4 river rats
  A shadow imp (D:6)
  3 white imps
  An ufetubus (D:4)
  An adder zombie (D:5)
  11 worms
  4 dart slugs
  32 orcs
  12 ball pythons
  3 bat skeletons (D:9)
  2 bat zombies (D:9)
  14 endoplasms
  5 giant cockroaches
  9 goblins
  6 hobgoblins
  4 jackals
  20 kobolds
  2 quokkas
  6 bats
  6 frilled lizards
  15 rats
336 creatures vanquished.

Vanquished Creatures (others)
  140 foxfires
  25 fungi
  18 plants
183 creatures vanquished.

Grand Total: 519 creatures vanquished

Notes
Turn   | Place    | Note
-------+----------+-------------------------------------------
     0 | D:1      | ILmort the Djinni Fire Elementalist began the quest for the
                  | Orb.
     0 | D:1      | Reached XP level 1. HP: 15/15 MP: 0/0
   410 | D:1      | Reached XP level 2. HP: 21/21 MP: 0/0
   805 | D:1      | Found a faded altar of an unknown god.
   911 | D:1      | Reached XP level 3. HP: 13/25 MP: 0/0
   911 | D:1      | Learned a level 1 spell: Beastly Appendage
  1529 | D:2      | Found a broken altar of Ashenzari.
  1538 | D:2      | Became a worshipper of Ashenzari the Shackled
  2141 | D:2      | Identified the +4 leather armour "Puigeblofa" {Harm rElec
                  | rCorr Str-4}
  2485 | D:2      | Reached XP level 4. HP: 31/31 MP: 0/0
  3416 | D:3      | Reached skill level 1 in Fighting
  3661 | D:3      | Reached skill level 2 in Fighting
  3661 | D:3      | Reached XP level 5. HP: 35/39 MP: 0/0
  3661 | D:3      | Learned a level 2 spell: Searing Ray
  3674 | D:3      | Found a glowing drain.
  3728 | Sewer    | Entered a sewer
  3794 | Sewer    | Reached skill level 3 in Fighting
  3990 | Sewer    | Reached * piety under Ashenzari
  3991 | Sewer    | Gained mutation: You are partially covered in iridescent
                  | scales. (AC +2) [potion of mutation]
  3991 | Sewer    | Gained mutation: Your muscles are strong. (Str +2) [potion
                  | of mutation]
  4002 | Sewer    | Noticed a kobold brigand
  4043 | Sewer    | Killed a kobold brigand
  4044 | Sewer    | Reached skill level 4 in Fighting
  4044 | Sewer    | Reached XP level 6. HP: 40/49 MP: 0/0
  4342 | Sewer    | Reached skill level 5 in Fighting
  4342 | Sewer    | Reached XP level 7. HP: 48/56 MP: 0/0
  4342 | Sewer    | Learned a level 2 spell: Poisonous Vapours
  4943 | D:3      | Found a hazy altar of Hepliaklqana.
  4957 | D:3      | Noticed Terence
  4967 | D:3      | Killed Terence
  5170 | D:3      | Reached skill level 6 in Fighting
  5882 | D:4      | Noticed a steam dragon
  5898 | D:3      | Reached ** piety under Ashenzari
  5970 | D:4      | Killed a steam dragon
  6178 | D:4      | Reached skill level 7 in Fighting
  6178 | D:4      | Reached XP level 8. HP: 59/66 MP: 0/0
  7289 | D:5      | Entered Level 5 of the Dungeon
  7521 | D:5      | Reached skill level 8 in Fighting
  7628 | D:5      | Found a snail-covered altar of Cheibriados.
  7635 | D:5      | Reached XP level 9. HP: 70/74 MP: 0/0
  7635 | D:5      | Learned a level 3 spell: Gell's Gravitas
  7958 | D:5      | Reached skill level 9 in Fighting
  8012 | D:5      | Found an ornate altar of the Wu Jian Council.
  8239 | D:6      | Reached skill level 5 in Dodging
  8273 | D:6      | Reached skill level 5 in Spellcasting
  8296 | D:6      | Found a glowing golden altar of the Shining One.
  8758 | D:7      | Identified the +10 scythe of the Asp {vorpal, rElec rPois}
  8811 | D:6      | Reached skill level 10 in Fighting
  8835 | D:7      | Reached XP level 10. HP: 34/83 MP: 0/0
  9701 | D:7      | Found a staircase to the Ecumenical Temple.
 10096 | D:8      | Noticed a two-headed ogre
 10105 | D:8      | Killed a two-headed ogre
 10295 | D:8      | Noticed Pikel
 10308 | D:8      | Killed Pikel
 10503 | D:8      | Reached XP level 11. HP: 79/92 MP: 0/0
 10503 | D:8      | Learned a level 4 spell: Sticky Flame
 10815 | D:9      | Reached skill level 11 in Fighting
 10983 | D:9      | Reached *** piety under Ashenzari
 11171 | D:9      | Found a staircase to the Lair.
 12202 | D:10     | Entered Level 10 of the Dungeon
 12466 | D:10     | Found a sacrificial altar of Ru.
 13111 | D:10     | Found a staircase to the Orcish Mines.
 13443 | Lair:1   | Entered Level 1 of the Lair of Beasts
 13812 | Lair:1   | Identified the +1 robe "Vulebiod" {-Tele rPois rN++
                  | Archmagi}
 14061 | Lair:1   | Noticed a boulder beetle
 14148 | Lair:1   | Killed a boulder beetle
 14196 | Lair:1   | Found the +3 pair of seven-league boots {Rampage+∞}
 14587 | Lair:1   | Reached XP level 12. HP: 94/102 MP: 0/0
 14596 | Lair:1   | Reached skill level 12 in Fighting
 15555 | Lair:2   | Found a staircase to the Snake Pit.
 15855 | Lair:2   | Found a staircase to the Shoals.
 16333 | Lair:3   | Found a runed translucent door.
 16339 | Lair:3   | Noticed an eight-headed hydra
 16349 | Lair:3   | Killed an eight-headed hydra
 16353 | Lair:3   | Reached skill level 10 in Dodging
 16467 | Lair:3   | Noticed a death yak
 16467 | Lair:3   | Noticed a death yak
 16467 | Lair:3   | Noticed a death yak
 16472 | Lair:3   | Noticed a death yak
 16475 | Lair:3   | Noticed a death yak
 16865 | Lair:3   | Reached skill level 10 in Spellcasting
 16865 | Lair:3   | Killed a death yak
 16930 | Lair:3   | Killed a death yak
 17067 | Lair:3   | Killed a death yak
 17101 | Lair:3   | Killed a death yak
 17111 | Lair:3   | HP: 4/103 [death yak (22)]
 17112 | Lair:3   | Demolished by a death yak

Illustrated notes

Levels and vault maps discovered:
D:1:      minmay_arrival_widening_spiral_narrow, layout_loops_ring,
          shapermc_ecumenical_altar_acropolis
D:2:      layout_loops_corners, basic_altar, minmay_split_cup_small
D:3:      layout_loops_ring, mainiacjoe_overflow_brackets,
          lightli_sewer_entry_pipes, uniq_terence
D:4:      layout_layer_cave, due_unseen_surprise
D:5:      layout_basic, mainiacjoe_overflow_alcove_2, kennysheep_slug_shrine
D:6:      layout_gridville, kennysheep_mini,
          mainiacjoe_overflow_six_doors_small, kennysheep_generic_room_7
D:7:      layout_gridville, temple_doors_e, amethyst_killhole,
          minmay_manual_mares
D:8:      layout_loops_ring, uniq_pikel
D:9:      layout_loops_ring, kennysheep_vampire_church, lair_entry_dummy
D:10:     layout_loops_ring, nicolae_ru_path_of_blood, erik_orc_3
Lair:1:   layout_roguey, serial_bayou_ford_a, serial_bayou_pond_e,
          wad_woods_river_04, hellmonk_guarded_unrand_seven_league_boots,
          serial_bayou_shore_b, serial_bayou_shore_b, serial_bayou_shore_b,
          lemuel_fruit_fields
Lair:2:   layout_regular_city, elwin_shoals_entry_rooms,
          minmay_snake_entry_guardpost_medium
Lair:3:   layout_misc_corridors, pf_torpor_hydra

Skill      XL: |  1  2  3  4  5  6  7  8  9 10 11 12 |
---------------+-------------------------------------+-----
Spellcasting   | 3 4 5 7 9 10 | 10.3
Fighting       | 2 4 5 7 8 10 11 12 | 12.7
Dodging        | 4 6 7 9 10 | 10.6
Stealth        | |  1.5

Action                   |  1- 3 |  4- 6 |  7- 9 | 10-12 || total
-------------------------+-------+-------+-------+-------++-------
Melee: Mace              |    11 |       |       |       ||    11
       Punch             |     1 |       |       |       ||     1
       Whip              |     2 |    14 |    18 |    31 ||    65
 Cast: Foxfire           |    37 |    32 |    15 |    20 ||   104
       Scorch            |    12 |    36 |   193 |   356 ||   597
       Conjure Flame     |       |       |    32 |    66 ||    98
       Flame Wave        |       |       |     7 |    23 ||    30
       Poisonous Vapours |       |       |     3 |     4 ||     7
Invok: Curse Item        |       |     2 |     1 |     3 ||     6
       Shatter the Chain |       |       |     1 |       ||     1
  Use: Scroll            |       |     4 |     1 |     8 ||    13
       Potion            |       |     3 |       |     4 ||     7
 Stab: Sleeping          |     1 |       |       |       ||     1
Armor: Robe              |     5 |     3 |    10 |       ||    18
       Steam dragon scal |       |       |    24 |    45 ||    69
Dodge: Dodged            |    27 |    12 |   102 |   129 ||   270
Block: Buckler           |       |       |       |    12 ||    12
